 Dungeon Crawl Stone Soup version 0.20-a0-927-g1ae2c61 (webtiles) character file.

121 JeffiDaFish the Shield-Bearer (level 5, -7/36 HPs)
             Began as a Gargoyle Fighter on Mar 28, 2017.
             Killed from afar by a white imp (9 damage)
             ... with a puff of frost
             ... summoned by Eustachio
             ... on level 4 of the Dungeon.
             The game lasted 00:05:09 (2980 turns).

JeffiDaFish the Shield-Bearer (Gargoyle Fighter)    Turns: 2980, Time: 00:05:10

Health: -7/36      AC: 13    Str: 21      XL:     5   Next: 5%
Magic:  5/5        EV:  8    Int:  8      God:
Gold:   150        SH:  9    Dex:  8 (9)  Spells: 4/4 levels left

rFire    . . .     SeeInvis .   a - +2 flail
rCold    . . .     Gourm    .   c - +0 shield
rNeg     + . .     Faith    +   b - +0 scale mail
rPois    ∞         Spirit   .   e - +1 helmet
rElec    +         Reflect  .   (no cloak)
rCorr    .         Harm     .   (no gloves)
MR       +....                  (no boots)
Stlth    ..........             d - amulet of faith
Regen    0.2/turn               (no ring)
MPRegen  0.1/turn               (no ring)

@: no status effects
A: blink, magic resistance 1, negative energy resistance 1, robust 1,
electricity resistance, unbreathing, petrification resistance, rot immunity, AC
+4
a: Blink


You were on level 4 of the Dungeon.
You were not hungry.

You visited 1 branch of the dungeon, and saw 4 of its levels.

You collected 150 gold pieces.

Inventory:

Hand Weapons
 a - a +2 flail (weapon)
Armour
 b - a +0 scale mail (worn)
 c - a +0 shield (worn)
 e - a +1 helmet (worn)
Jewellery
 d - an amulet of faith (around neck)
Scrolls
 j - 2 scrolls of magic mapping
 k - 4 scrolls of identify
Comestibles
 f - 4 bread rations
 g - 4 royal jellies
 h - 2 meat rations
 i - a fruit
 l - 3 chunks of flesh


   Skills:
 + Level 3.9 Fighting
 + Level 3.4 Maces & Flails
 + Level 3.7 Armour
 + Level 1.1 Dodging
 + Level 4.0 Shields


You had 4 spell levels left.
You didn't know any spells.

Dungeon Overview and Level Annotations

Branches:
Dungeon (4/15)
 Temple: D:4-7

Altars:
Nemelex Xobeh
Wu Jian

Annotations:
D:4 Eustachio


Innate Abilities, Weirdness & Mutations

You are resistant to torment.
Your stone body is resilient. (AC +4)
You are immune to poison.
You resist negative energy. (rN+)
You are resistant to electric shocks. (rElec)
You can survive without breathing.
You are immune to petrification.
You are immune to rotting.
You can translocate small distances at will.
You are resistant to hostile enchantments. (MR+)
You are robust. (+10% HP)


Message History

You hit Eustachio but do no damage.
Eustachio is severely wounded.
You block the bat's attack. The bat closely misses you.
The crimson imp blinks!
Eustachio says, "Summoning is fun!"
Eustachio hits you with a falchion.
* * * LOW HITPOINT WARNING * * *
The river rat bites you but does no damage.
The quokka barely misses you.
The crimson imp hits you but does no damage.
You closely miss Eustachio.
Eustachio is severely wounded.
The crimson imp disappears in a puff of smoke!
You block the bat's attack. x2; You block Eustachio's attack.
The quokka bites you but does no damage.
You block the river rat's attack. The bat hits you but does no damage.
The crimson imp hits you but does no damage.
The bat completely misses you. The white imp gestures at you.
The puff of frost hits you!
You die...

..# ###.# #.#.. #.#..
####################.#..
......5bo............#..
#####b@r...............
#5@r...............
#...............)#.
+.......§....#...+.
#......#####.#####.
#...<..# #.....#.
#......# #####.#.
######## #.#. #.#.


You could see Eustachio, a crimson imp, a river rat, a white imp, an orc, a
quokka and 2 bats.

Vanquished Creatures
  A worker ant (D:4)
  2 adders (D:2)
  2 oozes
  3 worms
  A dart slug (D:3)
  3 leopard geckos
  4 giant cockroaches
  11 goblins
  7 hobgoblins
  A ball python (D:2)
  6 bats
  3 frilled lizards
  8 kobolds
  6 rats
58 creatures vanquished.

Vanquished Creatures (others)
  A hobgoblin (D:1)
  A rat (D:1)
2 creatures vanquished.

Grand Total: 60 creatures vanquished

Notes
Turn   | Place    | Note
-------+----------+-------------------------------------------
     0 | D:1      | JeffiDaFish the Gargoyle Fighter began the quest for the Orb.
     0 | D:1      | Reached XP level 1. HP: 14/14 MP: 1/1
   198 | D:1      | Reached XP level 2. HP: 2/19 MP: 2/2
   485 | D:1      | Found a sparkling altar of Nemelex Xobeh.
   656 | D:1      | Reached XP level 3. HP: 23/23 MP: 3/3
   879 | D:2      | Found a faded altar of an unknown god.
  1441 | D:2      | Reached XP level 4. HP: 29/29 MP: 4/4
  1815 | D:2      | Gained mutation: You are robust. (+10% HP) [potion of mutation]
  1815 | D:2      | Gained mutation: You are resistant to hostile enchantments. (MR+) [potion of mutation]
  1815 | D:2      | Gained mutation: You can translocate small distances at will. [potion of mutation]
  2484 | D:3      | Reached skill level 1 in Dodging
  2586 | D:3      | Reached skill level 4 in Shields
  2859 | D:3      | Found an ornate altar of the Wu Jian Council.
  2919 | D:4      | Reached XP level 5. HP: 36/36 MP: 5/5
  2940 | D:4      | Noticed Eustachio
  2980 | D:4      | Killed from afar by a white imp

Vault maps used:
D:1:      dpeg_arrival_renting, nemelex_altar_shiori
D:2:      chequers_ecumenical_altar_twisty, serial_co_window_serial,
          co_window_paths_a, co_window_corner_a, co_window_paths_a,
          co_window_paths_a, co_window_paths_b, co_window_broadway_b,
          co_window_of_opportunity_b, co_window_of_opportunity_b,
          co_window_broadway_a, co_window_of_opportunity_b,
          co_window_broadway_c, co_window_corner_b, glass_columns_a,
          first_bread, minmay_misc_feat_chi
D:3:      lemuel_doored_altar, dk_noncrumbling_4, nrook_mini_backslash
D:4:      nicolae_ossuary_entry_ruins, uniq_eustachio

Skill      XL: |  1  2  3  4 |
---------------+-------------+-----
Maces & Flails | 3 |  3.4
Dodging        | 1 |  1.1
Shields        | 4 |  4.0
Fighting       | |  3.9
Armour         | |  3.7

Action                   |  1- 3 |  4- 6 || total
-------------------------+-------+-------++-------
Melee: Flail             |   144 |    91 ||   235
  Use: Potion            |     4 |     2 ||     6
       Scroll            |     1 |     8 ||     9
  Eat: Chunk             |     2 |     5 ||     7
Armor: Scale mail        |    95 |   129 ||   224
Dodge: Dodged            |    42 |    85 ||   127
Block: Shield            |    64 |   101 ||   165
